 Dungeon Crawl Stone Soup version 0.29-a0-121-g8efb068a30 (webtiles) character file.

Game seed: 17906054483336924719

39 cyrus the Poker (level 3, -1/28 HPs)
             Began as a Merfolk Gladiator on Feb 21, 2022.
             Was a Follower of Uskayaw.
             Slain by an adder (3 damage)
             ... on level 2 of the Dungeon.
             The game lasted 00:02:51 (1924 turns).

cyrus the Poker (Merfolk Gladiator)                 Turns: 1924, Time: 00:02:51

Health: -1/28      AC:  6    Str: 14    XL:     3   Next: 47%
Magic:  3/3        EV: 12    Int:  9    God:    Uskayaw [*.....]
Gold:   88         SH:  0    Dex: 15    Spells: 2/2 levels left

rFire   . . .      SeeInvis .   a - +0 trident
rCold   . . .      Faith    .   (no shield)
rNeg    . . .      Spirit   .   j - +0 ring mail
rPois   .          Reflect  .   c - +0 helmet
rElec   .          Harm     .   (no cloak)
rCorr   .          Rampage  .   (no gloves)
Will    .....                   (no boots)
Stlth   +.........              (no amulet)
HPRegen 0.09/turn               m - ring of flight
MPRegen 0.08/turn               (no ring)

@: flying
A: (nimble swimmer 2), mertail
a: Renounce Religion, Stomp


You were on level 2 of the Dungeon.
You worshipped Uskayaw.
Uskayaw was noncommittal.
You visited 1 branch of the dungeon, and saw 2 of its levels.

You collected 88 gold pieces.

Inventory:

Hand Weapons
 a - a +0 trident (weapon)
Missiles
 d - 3 throwing nets (quivered)
Armour
 b - a +0 leather armour
 c - a +0 helmet (worn)
 j - a +0 ring mail (worn)
Jewellery
 m - a ring of flight (left hand)
Scrolls
 e - a scroll of teleportation {unknown}
 f - 2 scrolls of immolation {unknown}
 g - a scroll of identify {unknown}
 h - a scroll of blinking {unknown}
 k - a scroll of silence {unknown}
 l - a scroll of magic mapping {unknown}
Potions
 i - a potion of attraction {unknown}


   Skills:
 + Level 2.4 Fighting
 + Level 5.4 Polearms
 + Level 2.1 Throwing
 + Level 0.4 Armour
 + Level 4.4 Dodging
 + Level 0.2 Stealth


You had 2 spell levels left.
You didn't know any spells.
Your spell library contained the following spells:

 Spells                   Type           Power      Damage    Failure   Level
 Slow                     Hex            0%         N/A       63%         1
 Static Discharge         Conj/Air       0%         N/A       77%         2
 Confusing Touch          Hex            0%         N/A       94%         3
 Stone Arrow              Conj/Erth      0%         3d7       94%         3
 Vampiric Draining        Necr           0%         2d6       94%         3
 Animate Armour           Summ/Erth      0%         N/A       100%        4
 Dispel Undead            Necr           0%         3d6       100%        4
 Sticky Flame             Conj/Fire      0%         2d3       100%        4
 Lehudib's Crystal Spear  Conj/Erth      0%         10d2      100%        8


Dungeon Overview and Level Annotations

Branches:
Dungeon (2/15)

Altars:
Uskayaw


Innate Abilities, Weirdness & Mutations

((You are very nimble when in or above water. (Stealth+, EV+, Speed+++)))
Your lower body shifts to a powerful aquatic tail in water.


Message History

You feel sick.
You are no longer poisoned.
The adder misses you. The adder bites you.
You miss the adder.
The adder is severely wounded.
The adder bites you.
You miss the adder.
The adder is severely wounded.
The adder bites you but does no damage.
You barely miss the adder.
The adder is heavily wounded.
The adder barely misses you. The adder misses you.
You miss the adder.
The adder is heavily wounded.
The adder bites you.
You are poisoned.
The adder poisons you!
You closely miss the adder.
The adder is heavily wounded.
* * * LOW HITPOINT WARNING * * *
You feel sick. The adder bites you but does no damage.
You barely miss the adder.
The adder is heavily wounded.
You feel sick. The adder misses you. The adder barely misses you.
You feel sick. The adder bites you but does no damage.
You feel sick.
You feel sick. The adder misses you.
You feel sick.
You feel sick.
You are no longer poisoned.
The adder misses you. The adder bites you.
* * * LOW HITPOINT WARNING * * *
The adder bites you but does no damage. The adder barely misses you.
The adder closely misses you. The adder closely misses you.
The adder barely misses you. The adder bites you.
You die...

..## ##.#.#.# ##..####.#
.# .## ##..#.#.# ##.).#
#.###.# .#
##.....#.###..#.####..#..#
.#
#...####..#..##.........#
.# ##)#.#
##...###..#####.##
.####..#.# #...###.## #.#
.##...)..# #†......# #..
#...#.####
##.†.###.#######.# ..###.#
#..#@........# .# .##...#
###.##.S.......# ..
.#..### #...##.........#
#. ...####
#.####.....<...# ......##
#.# #.........#
.####..####.# #.........#
## ##......# ########### #
########


You could see an adder.

Vanquished Creatures
  A dart slug (D:2)
  3 bats
  An endoplasm (D:2)
  2 giant cockroaches (D:1)
  6 goblins
  A hobgoblin (D:2)
  2 jackals (D:1)
  5 quokkas
  4 ball pythons
  2 frilled lizards
  2 kobolds (D:2)
  4 rats
33 creatures vanquished.

Vanquished Creatures (others)
  2 fungi (D:1)
  A plant (D:1)
3 creatures vanquished.

Grand Total: 36 creatures vanquished

Notes
Turn   | Place    | Note
-------+----------+-------------------------------------------
     0 | D:1      | cyrus the Merfolk Gladiator began the quest for the Orb.
     0 | D:1      | Reached XP level 1. HP: 16/16 MP: 1/1
   178 | D:1      | Reached XP level 2. HP: 19/22 MP: 2/2
   412 | D:1      | Found a faded altar of an unknown god.
   449 | D:1      | Prayed at the altar of an unknown god.
   449 | D:1      | Became a worshipper of Uskayaw the Reveller
   449 | D:1      | Reached * piety under Uskayaw
   822 | D:1      | Reached skill level 5 in Polearms
  1177 | D:2      | Reached XP level 3. HP: 15/28 MP: 3/3
  1909 | D:2      | HP: 1/28 [poisoned by an adder]
  1924 | D:2      | Slain by an adder

Illustrated notes

Levels and vault maps discovered:
D:1:      mushboom_english_gardens, layout_loops_ring,
          shapermc_ecumenical_altar_ellora
D:2:      layout_rooms, basic_altar

Skill      XL: |  1  2 |
---------------+-------+-----
Polearms       | 5 |  5.4
Fighting       | |  2.4
Throwing       | |  2.1
Armour         | |  0.4
Dodging        | |  4.4
Stealth        | |  0.2

Action                   || total
-------------------------++-------
Melee: Trident           ||   138
Armor: Leather armour    ||    18
       Ring mail         ||    22
Dodge: Dodged            ||   104

Table legend: (Time is in decaauts)
 A = Elapsed time spent in this place.
 B = Non-inter-level travel time spent in this place.
 C = Inter-level travel time spent in this place.
 D = Time resting spent in this place.
 E = Time spent auto-exploring this place.
 F = Levels seen in this place.
 G = Mean time per level.
                   A        B        C        D        E       F      G
               +--------+--------+--------+--------+--------+-----+--------+
         Total |   1929 |   1881 |     48 |    547 |    924 |   2 |  964.5 |
       Dungeon |   1929 |   1881 |     48 |    547 |    924 |   2 |  964.5 |
               +--------+--------+--------+--------+--------+-----+--------+

Top non-repeatable levels by time:
     D:1: 1162 daAuts
     D:2: 767 daAuts
